 Dungeon Crawl Stone Soup version 0.30-a0-718-geaa24f58ff (webtiles) character file.

Game seed: 9158625096156421841

64 Absynth the Slasher (level 3, -3/28 HPs)
             Began as a Demonspawn Gladiator on Jan 26, 2023.
             Slain by a gnoll
             ... wielding a +0 whip
              (7 damage)
             ... on level 1 of the Dungeon.
             The game lasted 00:04:54 (1223 turns).

Absynth the Slasher (Demonspawn Gladiator)          Turns: 1223, Time: 00:04:54

Health: -3/28      AC:  4    Str: 14    XL:     3   Next: 91%
Magic:  3/3        EV: 15    Int:  9    God:
Gold:   123        SH:  0    Dex: 16    Spells: 2/2 levels left

rFire   . . .      SeeInvis .    a - +0 long sword
rCold   + . .      Faith    .    (no shield)
rNeg    . . .      Spirit   .    b - +0 leather armour
rPois   .          Reflect  .    c - +0 helmet
rElec   .          Harm     .    (no cloak)
rCorr   .          Rampage  .    (no gloves)
Will    .....                    (no boots)
Stlth   +                        (no amulet)
HPRegen 0.24/turn                f - ring of protection from cold
MPRegen 0.08/turn                (no ring)

@: no status effects
A: repulsion field 2
a: no special abilities


You were on level 1 of the Dungeon.
You visited 1 branch of the dungeon, and saw 2 of its levels.

You collected 123 gold pieces.

Inventory:

Hand Weapons
 a - a +0 long sword (weapon)
 n - a +2 mace of venom
Missiles
 d - 3 throwing nets
 e - a javelin
 i - 5 poisoned darts (quivered)
Armour
 b - a +0 leather armour (worn)
 c - a +0 helmet (worn)
Jewellery
 f - a ring of protection from cold (left hand)
Scrolls
 l - a scroll of identify {unknown}
 m - 2 scrolls of teleportation {unknown}
Potions
 g - a potion of curing {unknown}
 h - a potion of degeneration {unknown}
 j - a potion of heal wounds {unknown}
 k - a potion of might {unknown}


   Skills:
 + Level 2.5 Fighting
 * Level 3.5 Long Blades
 - Level 1.7 Throwing
 + Level 1.1 Armour
 + Level 3.1 Dodging


You had 2 spell levels left.
You didn't know any spells.
Your spell library contained the following spells:

 Spells                   Type           Power      Damage    Failure   Level
 Blink                    Tloc           0%         N/A       58%         2
 Lesser Beckoning         Tloc           0%         N/A       58%         2
 Momentum Strike          Conj/Tloc      0%         3d8       58%         2


Dungeon Overview and Level Annotations

Branches:
Dungeon (2/15)

Altars:

Shops:
D:1 [*:


Innate Abilities, Weirdness & Mutations

You are surrounded by a moderate repulsion field. (EV +3)


Message History

The adder attacks as you move away! The adder barely misses you.
You feel sick.
You slash the adder!
The adder is almost dead.
You feel sick. The adder closely misses you. The adder misses you.
You barely miss the adder.
The adder is almost dead.
You feel sick. The adder bites you.
You are more poisoned.
The adder poisons you! The adder barely misses you.
You closely miss the adder.
The adder is almost dead.
You feel very sick. The adder bites you.
* * * LOW HITPOINT WARNING * * *
You are more poisoned.
The adder poisons you!
You hit the adder.
You kill the adder!
* * * LOW HITPOINT WARNING * * *
You feel very sick. The gnoll closely misses you.
You feel sick.
You feel sick.
You feel sick.
There is a stone staircase leading down here.
The gnoll attacks as you move away! The gnoll barely misses you.
You feel sick.
There is a stone staircase leading up here.
Okay, then.
You feel sick. The gnoll barely misses you.
You climb upwards.
You feel sick.
There is a stone staircase leading down here.
You hit the gnoll.
The gnoll is lightly wounded.
You feel sick.
You are no longer poisoned.
The gnoll closely misses you.
You hit the gnoll but do no damage.
The gnoll is lightly wounded.
The gnoll hits you with a +0 whip!
You die...

...).....################.###....
..............# #.#####..
.#######.####.# #........ .# #.#
#.# #.####### .# #.#
#.###########.# .# #.#
#.............# .# #.#
###############
########.#########
...............g@#
.#########..###### .# #..##
####### .# ###∩## #...[.# .#
#...#######.....# .#
#.###...........# ## ###.#
#...........#
#####...###..........)#######
............................#


You could see a gnoll.

Vanquished Creatures
  2 adders (D:2)
  A worm (D:2)
  3 dart slugs
  5 endoplasms
  A giant cockroach (D:1)
  3 goblins (D:1)
  3 hobgoblins (D:1)
  4 jackals (D:2)
  A kobold (D:1)
  A quokka (D:1)
  3 ball pythons (D:1)
  5 bats
  A frilled lizard (D:1)
  2 rats (D:1)
35 creatures vanquished.

Notes
Turn   | Place    | Note
-------+----------+-------------------------------------------
     0 | D:1      | Absynth the Demonspawn Gladiator began the quest for the
                  | Orb.
     0 | D:1      | Reached XP level 1. HP: 16/16 MP: 1/1
   205 | D:1      | Found Cujuoqia's Assorted Antiques.
   207 | D:1      | Gained mutation: You are surrounded by a mild repulsion
                  | field. (EV +2) [demonic ancestry]
   207 | D:1      | Reached XP level 2. HP: 18/22 MP: 2/2
   417 | D:1      | Found Paorph's Book Shoppe.
   480 | D:1      | Found Yscheduh's Antique Armour Shop.
   654 | D:1      | Gained mutation: You are surrounded by a moderate repulsion
                  | field. (EV +3) [demonic ancestry]
   654 | D:1      | Reached XP level 3. HP: 28/28 MP: 3/3
   815 | D:2      | Reached skill level 1 in Armour
  1223 | D:1      | Slain by a gnoll

Illustrated notes

Levels and vault maps discovered:
D:1:      eino_arrival_cavern_b, layout_basic, serial_shops, shop,
          nicolae_diamond_shop, nicolae_shop_waterfront, palyth_stone_intersect
D:2:      layout_loops_ring, minmay_increasing_density

Skill      XL: |  1  2  3 |
---------------+----------+-----
Long Blades    | 3 |  3.5
Dodging        | 3 |  3.1
Armour         | 1 |  1.1
Fighting       | |  2.5
Throwing       | |  1.7

Action                     || total
---------------------------++-------
  Melee: Long sword        ||   100
         Punch             ||     1
  Throw: Dart              ||     5
 Armour: Leather armour    ||    35
  Dodge: Dodged            ||   110

Table legend: (Time is in decaauts)
 A = Elapsed time spent in this place.
 B = Non-inter-level travel time spent in this place.
 C = Inter-level travel time spent in this place.
 D = Time resting spent in this place.
 E = Time spent auto-exploring this place.
 F = Levels seen in this place.
 G = Mean time per level.
                   A        B        C        D        E       F      G
               +--------+--------+--------+--------+--------+-----+--------+
         Total |   1247 |   1208 |     39 |     59 |    782 |   2 |  623.5 |
       Dungeon |   1247 |   1208 |     39 |     59 |    782 |   2 |  623.5 |
               +--------+--------+--------+--------+--------+-----+--------+

Top non-repeatable levels by time:
     D:1: 756 daAuts
     D:2: 490 daAuts
